AoeStats
← [YOBA] ♂️CUM♂️BACK

Arena

510402110Analyzed
2v2 RM · 1d ago on Sep 30, 2026· 39m 5s· 4 players
Game mode
Random Map
Map size
Medium (4 player)
Population
200
Speed
Normal
Resources
Standard
Victory
Conquest
Starting age
Dark Age
Ending age
Imperial Age
RankedLock teamsTeams togetherTeam positionsShared explorationLock speedFull tech treeHidden civsTurbo modeCheats
Victory
Defeat
🇺🇸 Bohemians · United States
1286
+14
1210
+18
🇷🇺 Cumans · Russia
1244
-16
1243
-16
[YOBA] ♂️CUM♂️BACK
10:09 Feudal Age
10:21 Man-at-Arms
10:54 Double-Bit Axe
11:12 Long Swordsman
14:10 Scale Mail Armor
16:02 Horse Collar
23:09 Castle Age
21:48 Gold Mining
21:26 Pikeman
23:27 Forging
23:19 Two-Handed Swordsman
24:00 Squires
23:46 Gambesons
25:35 Iron Casting
28:47 Bow Saw
30:09 Halberdier
31:43 Chain Mail Armor
35:58 Stone Mining
37:43 Loom
38:35 Wheelbarrow
[YOBA]Ermak
3:05 Loom
10:44 Feudal Age
11:41 Double-Bit Axe
19:35 Horse Collar
21:15 Town Watch
23:00 Wheelbarrow
26:59 Castle Age
25:26 Fletching
youtube.com/@Radio_Latex
7:15 Loom
9:46 Feudal Age
10:49 Double-Bit Axe
11:21 Fletching
19:23 Castle Age
18:32 Forging
21:14 Bloodlines
23:05 Scale Barding Armor
24:28 Husbandry
25:41 Chain Barding Armor
28:42 Gold Mining
31:38 Elite Skirmisher
34:24 Crossbowman
36:29 Thumb Ring
35:45 Crossbowman
Nandor the Relenting
9:41 Feudal Age
8:42 Loom
13:17 Castle Age
11:38 Double-Bit Axe
17:54 Redemption
18:35 Sanctity
18:28 Fervor
31:31 Horse Collar
32:07 Bow Saw
36:18 Wheelbarrow
37:34 Hand Cart
38:27 Heavy Plow
Connection lost

Rejoining the realm…

Still unreachable

The connection could not be restored.

Session expired

The server has moved on; the page needs a fresh start.